 Dungeon Crawl Stone Soup version 0.20-a0-830-g2c9a30d (webtiles) character file.

62933 Laan the Severer (level 14, -10/119 HPs)
             Began as a Demonspawn Berserker on Mar 7, 2017.
             Was the Champion of Trog.
             Mangled by a skeletal warrior
             ... wielding a cursed -3 glaive
             ... led by a skeletal warrior
              (17 damage)
             ... on level 13 of the Dungeon.
             The game lasted 00:35:21 (18142 turns).

Laan the Severer (Demonspawn Berserker)            Turns: 18142, Time: 00:35:21

Health: -10/119    AC: 25    Str: 25    XL:     14   Next: 66%
Magic:  0/4        EV:  8    Int:  8    God:    Trog [******]
Gold:   1294       SH:  0    Dex: 15    Spells: 13/13 levels left

rFire    + . .     SeeInvis +   f - +2 executioner's axe (antimagic)
rCold    . . .     Gourm    .   w - +0 plate armour {rF+}
rNeg     + . .     Faith    .   (shield currently unavailable)
rPois    +         Spirit   +   (helmet restricted)
rElec    .         Reflect  .   (no cloak)
rCorr    +         Harm     .   J - +1 pair of gloves "Ceohich" {rPois SInv}
MR       +....                  T - +2 pair of boots
Stlth    ..........             X - amulet of Tellous {RegenMP Str+4 Stlth+}
Regen    0.3/turn               E - ring of positive energy
MPRegen  0.2/turn               (no ring)

@: exhausted, slowed, very slow
A: horns 2, yellow scales 3, spiny 2, magic shield
a: Berserk, Trog's Hand, Brothers in Arms, Burn Spellbooks, Renounce Religion


You were on level 13 of the Dungeon.
You worshipped Trog.
Trog was exalted by your worship.
You were hungry.

You visited 2 branches of the dungeon, and saw 19 of its levels.

You collected 1294 gold pieces.

Inventory:

Hand Weapons
 a - a +3 war axe of venom
 b - a +0 hand axe of flaming
 f - a +2 antimagic executioner's axe (weapon)
 W - a +4 war axe of electrocution
Missiles
 i - 13 javelins (quivered)
Armour
 w - a +0 plate armour of fire resistance (worn)
 J - the +1 pair of gloves "Ceohich" (worn) {rPois SInv}
   (You found it on level 6 of the Lair of Beasts)

   It protects you from poison.
   It lets you see invisible.
 T - a +2 pair of boots (worn)
Jewellery
 E - a ring of positive energy (right hand)
 X - the amulet of Tellous (around neck) {RegenMP Str+4 Stlth+}
   (You found it on level 3 of the Lair of Beasts)

   [amulet of magic regeneration]

   It increases your magic regeneration.
   It affects your strength (+4).
   It makes you more stealthy.
Wands
 g - a wand of flame (38/48)
 s - a wand of digging (15/24)
 C - a wand of lightning (11/15)
 F - a wand of iceblast (11/15)
 G - a wand of iceblast (9/15)
 L - a wand of lightning (7/15)
 M - a wand of flame (29/48)
 N - a wand of digging (11/24)
 O - a wand of disintegration (12/24)
 R - a wand of iceblast (8/15)
 Y - a wand of iceblast (4/15)
Scrolls
 h - 5 scrolls of identify
 n - 4 scrolls of enchant weapon
 q - 2 scrolls of magic mapping
 t - a scroll of fear
 y - 9 scrolls of remove curse
 z - 4 scrolls of recharging
 H - a scroll of fog
 K - 5 scrolls of teleportation
Potions
 d - 4 potions of mutation
 e - 5 potions of brilliance
 k - 2 potions of might
 l - 2 potions of invisibility
 m - 11 potions of curing
 p - 4 potions of haste
 r - 3 potions of berserk rage
 u - 4 potions of ambrosia
 v - 2 potions of heal wounds
 x - 3 potions of agility
 B - 4 potions of flight
 P - 2 potions of magic
 U - 2 potions of cancellation
Miscellaneous
 V - a phantom mirror
Comestibles
 c - 13 bread rations
 j - 12 meat rations
 o - 5 chunks of flesh
 D - 10 royal jellies
 Q - 11 fruits


   Skills:
 + Level 13.7 Fighting
 + Level 15.8 Axes
 + Level 12.5 Armour
 - Level 1.7 Dodging


You had 13 spell levels left.
You didn't know any spells.

Dungeon Overview and Level Annotations

Branches:
Dungeon (13/15)            Temple (0/1) D:7            Lair (6/6) D:10
  Swamp (0/4) Lair:3       Spider (0/4) Lair:4        Slime (0/5) Lair:5
    Orc (0/2) D:12         Vaults (0/5) D:13

Altars:
Ashenzari
Elyvilon
Fedhas
Gozag
Nemelex Xobeh
Ru
Sif Muna
Trog
Uskayaw
Vehumet
Xom
Yredelemnul
Zin

Shops:
D:8 *   D:13 *


Innate Abilities, Weirdness & Mutations

You have a pair of horns on your head.
You are completely covered in yellow scales. (AC +4, rCorr)
You are mostly covered in sharp spines.
When hurt, damage is shared between your health and your magic reserves.


Message History

You destroy the skeletal warrior!
Trog accepts your kill.
You are no longer berserk.
You are exhausted.
You feel yourself slow down.
The skeletal warrior hits you with a glaive!
* * * LOW HITPOINT WARNING * * *
Things that are here:
a long sword; a war axe You closely miss the skeletal warrior.
You headbutt the skeletal warrior!
The skeletal warrior is lightly damaged.
The skeletal warrior hits you with a glaive!!
* * * LOW HITPOINT WARNING * * *
You barely miss the skeletal warrior.
Your headbutt misses the skeletal warrior.
The skeletal warrior is lightly damaged.
The skeletal warrior is struck by your spines.
The skeletal warrior hits you but does no damage.
The skeletal warrior hits you with a glaive!!
You die...

######### ########
........# #......#
........######).....#
........'....'......#
........######......#
.>......# #......#
........# #......#
..(.....# ####)###
###..#### #z@)# #.##
#...### ... ##'#####
######### ###.#
#......# #...|.... .'
#......#######........
.#.
#......'.....#........
.##
#....).#####.'........
###### +......#
###....)... .....#
#......# #........


You could see a skeletal warrior.

Vanquished Creatures
  Nessos (Lair:6)
  8 vault guards (D:13)
  A fire dragon (Lair:3)
  3 hydras
  3 catoblepae (Lair:6)
  A centaur warrior (D:13)
  5 two-headed ogres
  10 death yaks (Lair:6)
  Urug (D:12)
  The ghost of Laan the Cleaver, a novice DsBe of Trog (D:8)
  Nergalle (D:12)
  Sonja (D:13)
  4 skeletal warriors (D:13)
  Pikel (D:8)
  2 deep elf magi
  A cyclops (D:11)
  3 manticores
  An ugly thing (D:13)
  5 black mambas
  7 elephants
  Joseph (D:8)
  6 rime drakes
  6 spiny frogs
  7 komodo dragons
  A jumping spider (Lair:4)
  A troll (D:11)
  A polar bear (Lair:3)
  Prince Ribbit (D:6)
  5 blink frogs (Lair:5)
  13 hippogriffs
  10 slime creatures
  A shadow (D:12)
  4 wyverns
  44 yaks
  A human (D:8)
  2 basilisks
  A wraith (D:12)
  2 hogs (D:8)
  3 hungry ghosts (D:12)
  Grum (D:8)
  6 swamp worms (Lair:3)
  An acid dragon (D:11)
  18 water moccasins
  2 porcupines (Lair:3)
  4 black bears
  An ice beast (D:5)
  5 orc warriors
  2 eyes of draining (D:12)
  5 ogres
  8 wolves
  3 centaurs
  14 crocodiles
  4 big kobolds
  Blork the orc (D:5)
  10 bullfrogs
  2 wyvern zombies
  5 scorpions
  5 wights
  5 electric eels
  5 crimson imps
  A bullfrog zombie (D:11)
  3 centaur zombies
  5 hounds
  2 quasits (D:9)
  A bullfrog skeleton (D:10)
  3 jellies
  3 orc priests
  2 centaur skeletons
  Jessica (D:3)
  4 orc wizards
  7 worker ants
  A hound zombie (D:6)
  2 hound skeletons
  A worker ant zombie (D:10)
  4 gnolls (D:10)
  11 adders
  An ooze (D:2)
  2 adder zombies
  An adder skeleton (D:7)
  3 worms
  3 dart slugs
  4 leopard geckos
  35 orcs
  5 ball pythons
  5 giant cockroaches
  12 hobgoblins
  15 jackals
  20 kobolds
  6 quokkas
  6 bats
  3 frilled lizards
  9 goblins
  2 leopard gecko skeletons
  12 rats
  A spectral orc (D:7)
  2 fungi
  2 plants
477 creatures vanquished.

Vanquished Creatures (others)
  A death yak (Lair:6)
  A sky beast (D:7)
  3 fungi (Lair:6)
  10 plants (Lair:6)
15 creatures vanquished.

Grand Total: 492 creatures vanquished

Notes
Turn   | Place    | Note
-------+----------+-------------------------------------------
     0 | D:1      | Laan the Demonspawn Berserker began the quest for the Orb.
     0 | D:1      | Reached XP level 1. HP: 18/18 MP: 1/1
   206 | D:1      | Reached skill level 3 in Axes
   360 | D:1      | Gained mutation: You are partially covered in sharp spines. [demonic ancestry]
   360 | D:1      | Reached XP level 2. HP: 14/24 MP: 2/2
   827 | D:1      | Reached ** piety under Trog
  1105 | D:2      | Reached XP level 3. HP: 29/29 MP: 3/3
  1207 | D:2      | Reached skill level 4 in Axes
  1847 | D:3      | Reached XP level 4. HP: 35/35 MP: 4/4
  1911 | D:3      | Found a shimmering altar of Xom.
  1911 | D:3      | Found a radiant altar of Vehumet.
  2473 | D:3      | Noticed Jessica
  2479 | D:3      | Killed Jessica
  2479 | D:3      | Reached skill level 5 in Axes
  2487 | D:3      | Identified Jessica's Disquisition on Bewitchment
  2598 | D:4      | Reached XP level 5. HP: 36/41 MP: 5/5
  2653 | D:4      | Found a shattered altar of Ashenzari.
  2819 | D:4      | Reached *** piety under Trog
  2828 | D:4      | Reached skill level 6 in Axes
  2913 | D:4      | Found a sacrificial altar of Ru.
  2932 | D:4      | Gained mutation: You are partially covered in yellow scales. (AC +2) [demonic ancestry]
  2932 | D:4      | Reached XP level 6. HP: 44/47 MP: 6/6
  3516 | D:5      | Entered Level 5 of the Dungeon
  3516 | D:5      | Noticed an orc warrior
  3516 | D:5      | Noticed an orc warrior
  3517 | D:5      | Noticed an orc warrior
  3523 | D:5      | Noticed Blork the orc
  3530 | D:5      | Killed an orc warrior
  3530 | D:5      | Reached skill level 7 in Axes
  3530 | D:5      | Gained mutation: You have a pair of small horns on your head. [demonic ancestry]
  3530 | D:5      | Reached XP level 7. HP: 10/52 MP: 7/7
  3532 | D:5      | Reached skill level 8 in Axes
  3537 | D:5      | Killed Blork the orc
  3867 | D:5      | Identified the Compendium of Congealing Transmigration
  3992 | D:5      | Found a sparkling altar of Nemelex Xobeh.
  4168 | D:5      | Reached skill level 9 in Axes
  4168 | D:5      | Gained mutation: When hurt, damage is shared between your health and your magic reserves. [demonic ancestry]
  4168 | D:5      | Reached XP level 8. HP: 54/58 MP: 8/8
  4212 | D:6      | Noticed Prince Ribbit
  4223 | D:6      | Killed Prince Ribbit
  4305 | D:6      | Noticed a deep elf mage
  4312 | D:6      | Killed a deep elf mage
  4312 | D:6      | Reached **** piety under Trog
  4312 | D:6      | Reached skill level 10 in Axes
  4747 | D:6      | Reached skill level 11 in Axes
  4882 | D:6      | Reached XP level 9. HP: 63/63 MP: 9/9
  4909 | D:7      | Found a bloodstained altar of Trog.
  5200 | D:7      | Reached ***** piety under Trog
  5353 | D:7      | Found a basalt altar of Yredelemnul.
  5392 | D:7      | Found a staircase to the Ecumenical Temple.
  5637 | D:7      | Noticed an angel
  5638 | D:7      | Found a glowing silver altar of Zin.
  5849 | D:8      | Received a gift from Trog
  5899 | D:8      | Reached skill level 5 in Fighting
  5959 | D:8      | Found Gozag's Platinum Reserve.
  5959 | D:8      | Found an opulent altar of Gozag.
  5970 | D:8      | Noticed Laan's ghost (novice DsBe)
  5982 | D:8      | Killed Laan's ghost
  5982 | D:8      | Reached skill level 5 in Armour
  5982 | D:8      | Reached XP level 10. HP: 76/76 MP: 8/10
  6091 | D:8      | Noticed Joseph
  6097 | D:8      | Killed Joseph
  6184 | D:8      | Noticed Grum
  6192 | D:8      | Killed Grum
  6192 | D:8      | Reached skill level 12 in Axes
  6335 | D:8      | Noticed a two-headed ogre
  6342 | D:8      | Killed a two-headed ogre
  6530 | D:8      | Noticed Pikel
  6536 | D:8      | Killed Pikel
  6703 | D:8      | Found a blossoming altar of Fedhas.
  6790 | D:9      | Found a deep blue altar of Sif Muna.
  7033 | D:9      | Found a hide-covered altar of Uskayaw.
  7171 | D:9      | Found a white marble altar of Elyvilon.
  7329 | D:10     | Entered Level 10 of the Dungeon
  7333 | D:10     | Found a staircase to the Lair.
  7333 | D:10     | Noticed an elephant
  7345 | D:10     | Killed an elephant
  7467 | D:10     | Noticed a two-headed ogre
  7472 | D:10     | Killed a two-headed ogre
  7472 | D:10     | Gained mutation: You are mostly covered in yellow scales. (AC +3) [demonic ancestry]
  7472 | D:10     | Reached XP level 11. HP: 62/86 MP: 7/11
  8055 | D:10     | Noticed a two-headed ogre
  8075 | D:10     | Killed a two-headed ogre
  8409 | D:11     | Noticed a two-headed ogre
  8414 | D:11     | Killed a two-headed ogre
  8843 | D:11     | Reached skill level 13 in Axes
  8920 | D:11     | Found an opulent altar of Gozag.
  9454 | Lair:1   | Entered Level 1 of the Lair of Beasts
 10007 | Lair:1   | Received a gift from Trog
 11145 | Lair:3   | Gained mutation: You are completely covered in yellow scales. (AC +4, rCorr) [demonic ancestry]
 11145 | Lair:3   | Reached XP level 12. HP: 97/97 MP: 12/12
 11250 | Lair:3   | Noticed a fire dragon
 11259 | Lair:3   | Killed a fire dragon
 11271 | Lair:3   | Got a twitching jade amulet
 11284 | Lair:3   | Identified the amulet of Tellous {RegenMP Str+4 Stlth+} (You found it on level 3 of the Lair of Beasts)
 11585 | Lair:3   | Reached skill level 10 in Fighting
 11593 | Lair:3   | Found a staircase to the Swamp.
 12548 | Lair:4   | Found a hole to the Spider Nest.
 12947 | Lair:5   | Found a staircase to the Slime Pits.
 13122 | Lair:5   | Reached skill level 14 in Axes
 13251 | Lair:5   | Reached skill level 10 in Armour
 13783 | Lair:6   | Entered Level 6 of the Lair of Beasts
 13793 | Lair:6   | Noticed an eight-headed hydra
 13801 | Lair:6   | Killed a four-headed hydra
 14204 | Lair:6   | Noticed a death yak
 14215 | Lair:6   | Killed a death yak
 14215 | Lair:6   | Gained mutation: You have a pair of horns on your head. [demonic ancestry]
 14215 | Lair:6   | Reached XP level 13. HP: 88/106 MP: 10/13
 14315 | Lair:6   | Received a gift from Trog
 15556 | Lair:6   | Noticed Nessos
 15570 | Lair:6   | Killed Nessos
 15747 | Lair:6   | Reached skill level 15 in Axes
 15939 | Lair:6   | Identified Guociraq's Grimoire of Conjuration
 15943 | Lair:6   | Got a pair of dazzling gloves
 15944 | Lair:6   | Identified the +1 pair of gloves "Ceohich" {rPois SInv} (You found it on level 6 of the Lair of Beasts)
 16714 | D:12     | Reached ****** piety under Trog
 16718 | D:12     | Gained mutation: You are mostly covered in sharp spines. [demonic ancestry]
 16718 | D:12     | Reached XP level 14. HP: 115/116 MP: 2/14
 16758 | D:12     | Noticed Urug
 16770 | D:12     | Killed Urug
 16790 | D:12     | Received a gift from Trog
 16847 | D:12     | Noticed Nergalle
 16859 | D:12     | Killed Nergalle
 17371 | D:12     | Found a staircase to the Orcish Mines.
 17597 | D:13     | Found a gate to the Vaults.
 17927 | D:13     | Noticed Sonja
 17938 | D:13     | Found Kiecza's General Store.
 17944 | D:13     | Killed Sonja
 18142 | D:13     | Mangled by a skeletal warrior

Vault maps used:
D:1:      lightli_arrival_statuegarden, minmay_small_reverse_x
D:2:      due_unseen_surprise
D:3:      gammafunk_temple_overflow_statue, kennysheep_jessica_study
D:4:      nicolae_ru_great_annihilating_truth, serial_forest,
          infiniplex_forest_clump_tiny, infiniplex_forest_end_2,
          infiniplex_forest_lined_corner, infiniplex_forest_end_1, first_bread,
          evilmike_ruin_ashenzari
D:5:      nemelex_altar_shiori, sword_in_stone
D:6:      guppyfry_early_elven_hall, uniq_prince_ribbit1
D:7:      yredelemnul_forgotten_temple_becter, trog_ov_bears_minmay, zin_angel,
          lemuel_temple_firewalk_b
D:8:      nicolae_gozag_zags_fifth_avenue, marbit_many_paths, grunt_livestock,
          uniq_pikel, uniq_joseph, uniq_grum
D:9:      nicolae_overflow_crystal_walls, led_sif_pool, basic_altar
D:10:     kennysheep_ambush_hall, david_lair_generic
D:11:     basic_altar
D:12:     orc_0_dummy, uniq_nergalle, uniq_urug
D:13:     erik_vaults_2, serial_shops, shop, stair_cage_cross, uniq_sonja
Lair:1:   serial_bayou_shore_a, grunt_megastairs_5
Lair:3:   dragon1_lemuel, nicolae_swamp_entry_splash_gauntlet, lemuel_fruit_tree
Lair:4:   spider_nest_entry_rubble, st_stairs_6, grunt_forest_stairs_basic
Lair:5:   slime_dummy, eino_small_chamber_without_monster, minivault_27,
          minmay_lair_drake_nest
Lair:6:   evilmike_catoblepas_cave, infiniplex_staircase_pool, uniq_nessos

Skill      XL: |  1  2  3  4  5  6  7  8  9 10 11 12 13 14 |
---------------+-------------------------------------------+-----
Axes           | 3 4 5 6 7 9 11 12 13 14 15 | 15.8
Armour         | 5 6 8 10 11 12 | 12.5
Fighting       | 5 7 9 11 12 13 | 13.7
Dodging        | |  1.7

Action                   |  1- 3 |  4- 6 |  7- 9 | 10-12 | 13-15 || total
-------------------------+-------+-------+-------+-------+-------++-------
Melee: Hand axe          |   105 |   121 |   257 |    58 |     2 ||   543
       Headbutt          |       |       |    54 |   129 |    99 ||   282
       War axe           |       |       |       |   413 |    31 ||   444
       Executioner's axe |       |       |       |       |   294 ||   294
Throw: Javelin           |       |       |       |     2 |     3 ||     5
Invok: Berserk           |       |     3 |     5 |    13 |    14 ||    35
       Trog's Hand       |       |       |     1 |       |     3 ||     4
  Use: Scroll            |     6 |       |     1 |     5 |    21 ||    33
       Potion            |       |       |       |       |     2 ||     2
 Stab: Sleeping          |     1 |       |       |       |       ||     1
       Paralysed         |       |     1 |       |       |       ||     1
       Petrified         |       |       |       |       |     1 ||     1
  Eat: Chunk             |     2 |     8 |    13 |    30 |    32 ||    85
       Fruit             |       |       |       |    11 |       ||    11
Armor: Animal skin       |     9 |       |       |       |       ||     9
       Plate armour      |    48 |    79 |   125 |   292 |   276 ||   820
Dodge: Dodged            |    36 |    30 |    63 |   152 |   148 ||   429
